 Dungeon Crawl Stone Soup version 0.30-a0-385-gfebfb9b408 (webtiles) character file.

Game seed: 5562086538396798307

97 tio the Grave Robber (level 4, -4/26 (27) HPs)
             Began as a Demonspawn Necromancer on Dec 2, 2022.
             Slain by a necrophage (7 damage)
             ... on level 4 of the Dungeon.
             The game lasted 00:15:27 (3550 turns).

tio the Grave Robber (Demonspawn Necromancer)       Turns: 3550, Time: 00:15:29

HP:   -4/26 (27)    AC:  2    Str:  6    XL:     4   Next: 42%
MP:   8/8           EV: 12    Int: 18    God:
Gold: 155           SH:  0    Dex: 14    Spells: 8/9 levels left

rFire   . . .      SeeInvis .    e - +0 war axe (drain)
rCold   . . .      Faith    .    (no shield)
rNeg    . . .      Spirit   .    a - +0 robe
rPois   .          Reflect  .    (no helmet)
rElec   .          Harm     .    (no cloak)
rCorr   .          Rampage  .    (no gloves)
Will    .....      Clarity  +    (no boots)
Stlth   ++........               l - amulet of magic regeneration
HPRegen 0.24/turn                (no ring)
MPRegen 0.51/turn                (no ring)

@: lightly drained
A: powered by pain 1, sturdy frame 1, clarity, frail 1, weak 1
a: no special abilities


You were on level 4 of the Dungeon.
You visited 1 branch of the dungeon, and saw 4 of its levels.

You collected 155 gold pieces.

Inventory:

Hand Weapons
 c - a +0 sling
 e - a +0 war axe of draining (weapon)
Armour
 a - a +0 robe (worn)
Jewellery
 l - an amulet of magic regeneration (around neck)
Scrolls
 d - 2 scrolls of poison
 h - 2 scrolls of teleportation
Potions
 b - a potion of magic
 f - a potion of heal wounds {unknown}
 i - a potion of cancellation {unknown}
 m - a potion of flight {unknown}


   Skills:
 + Level 0.1 Axes
 + Level 2.1 Dodging
 + Level 1.9 Stealth
 + Level 3.0 Spellcasting
 + Level 5.5 Necromancy


You had 8 spell levels left.
You knew the following spells:

 Your Spells              Type           Power      Damage    Failure   Level
a - Necrotise             Necr           88%        1d8       1%          1

Your spell library contained the following spells:

 Spells                   Type           Power      Damage    Failure   Level
 Vampiric Draining        Necr           22%        2d7       4%          3
 Beastly Appendage        Tmut           4%         N/A       16%         1
 Animate Dead             Necr           22%        N/A       17%         4
 Blink                    Tloc           4%         N/A       24%         2
 Momentum Strike          Conj/Tloc      4%         3d8       24%         2
 Wereblood                Tmut           2%         N/A       24%         2
 Lesser Beckoning         Tloc           4%         N/A       43%         3
 Spider Form              Tmut/Pois      2%         N/A       43%         3
 Agony                    Necr           22%        N/A       43%         5


Dungeon Overview and Level Annotations

Branches:
Dungeon (4/15)
 Temple: D:4-7

Altars:
Ru

Shops:
D:2 (


Innate Abilities, Weirdness & Mutations

You sometimes gain a little power by taking damage.
Your movements are slightly less encumbered by armour. (ER -2)
You possess an exceptional clarity of mind.
You are frail. (-10% HP)
You are weak. (Str -2)


Message History

Your orc skeleton hits the necrophage.
The necrophage hits your orc skeleton.
Your orc skeleton misses the necrophage.
Your orc skeleton barely misses the necrophage.
Your orc skeleton hits the necrophage.
Your orc skeleton barely misses the necrophage.
The necrophage hits your orc skeleton. The orc hits you with a +0 dagger.
* * * LOW HITPOINT WARNING * * *
Your orc skeleton barely misses the necrophage.
Your orc skeleton hits the necrophage but does no damage.
The necrophage hits your orc skeleton.
Your orc skeleton is destroyed!
Your orc skeleton hits the necrophage but does no damage.
You hit the orc but do no damage.
Your orc skeleton hits the necrophage but does no damage.
The orc closely misses you.
Your orc skeleton hits the necrophage.
You barely miss the orc. The iguana bites your orc skeleton!
Your orc skeleton is destroyed!
The orc barely misses you. The necrophage closely misses you.
You hit the orc but do no damage. You drain the orc.
The orc is heavily wounded.
You hit the necrophage.
Your orc skeleton barely misses the iguana.
Your orc skeleton hits the necrophage but does no damage.
The iguana bites your orc skeleton.
Your orc skeleton is destroyed!
The necrophage closely misses you.
You closely miss the orc.
The orc is heavily wounded.
You hit the necrophage. You hit the orc but do no damage. You drain the orc.
The iguana bites your orc skeleton. The orc misses you.
An orc comes into view. It is wielding a +0 dagger of venom.
The orc hits you with a +0 dagger.
* * * LOW HITPOINT WARNING * * *
The necrophage hits you.
* * * LOW HITPOINT WARNING * * *
Your orc skeleton hits the necrophage but does no damage.
The orc hits you with a +0 club.
* * * LOW HITPOINT WARNING * * *
The necrophage hits you!
You die...

... #.......
##..$##...... #
#.....#..... .#.
........... ....
...... #.)###..# #
.....###))...#
...###...l.<.##
........nZ.)..#
...##.@o........#
........o#.........
.....#...##!o.###..
#... ###....o..# .
... #.......# #.
###.##.... # .#
.... ..


You could see a necrophage (ally target), an iguana, 3 orcs and a friendly orc
skeleton.

Vanquished Creatures
  An adder (D:3)
  A worm (D:2)
  2 dart slugs
  5 orcs (D:4)
  3 ball pythons
  8 bats
  7 endoplasms
  3 giant cockroaches
  6 goblins
  7 hobgoblins
  4 jackals
  6 frilled lizards
  5 kobolds
  9 rats
67 creatures vanquished.

Vanquished Creatures (collateral kills)
  A kobold (D:2)
1 creature vanquished.

Vanquished Creatures (others)
  5 plants (D:3)
5 creatures vanquished.

Grand Total: 73 creatures vanquished

Notes
Turn   | Place    | Note
-------+----------+-------------------------------------------
     0 | D:1      | tio the Demonspawn Necromancer began the quest for the Orb.
     0 | D:1      | Reached XP level 1. HP: 13/13 MP: 3/3
   269 | D:1      | Gained mutation: You sometimes gain a little power by
                  | taking damage. [demonic ancestry]
   269 | D:1      | Reached XP level 2. HP: 19/19 MP: 3/5
   338 | D:1      | Reached skill level 5 in Necromancy
   763 | D:1      | Reached XP level 3. HP: 24/24 MP: 4/6
  1400 | D:2      | Found Teun's Antique Weapon Boutique.
  2743 | D:3      | Found a sacrificial altar of Ru.
  3095 | D:3      | Gained mutation: Your movements are slightly less
                  | encumbered by armour. (ER -2) [demonic ancestry]
  3095 | D:3      | Reached XP level 4. HP: 30/30 MP: 6/8
  3523 | D:3      | Gained mutation: You are weak. (Str -2) [potion of
                  | mutation]
  3523 | D:3      | Gained mutation: You have large cloven feet. [potion of
                  | mutation]
  3529 | D:3      | Lost mutation: You are weak. (Str -2) [potion of mutation]
  3529 | D:3      | Lost mutation: You have large cloven feet. [potion of
                  | mutation]
  3529 | D:3      | Gained mutation: You are weak. (Str -2) [potion of
                  | mutation]
  3529 | D:3      | Gained mutation: You are frail. (-10% HP) [potion of
                  | mutation]
  3529 | D:3      | Gained mutation: You possess an exceptional clarity of
                  | mind. [potion of mutation]
  3536 | D:4      | Noticed a necrophage
  3550 | D:4      | Slain by a necrophage

Illustrated notes

Levels and vault maps discovered:
D:1:      psy_arrival_terrarium, layout_basic, minmay_tromino_v7
D:2:      layout_basic, serial_shops, nicolae_shop_overgrown_old_shop,
          kennysheep_generic_room_12
D:3:      layout_basic, nicolae_ru_awakened_eye, serial_bayou_pond_c
D:4:      nicolae_cairo_tiling_large_dashed, layout_cave_pools, serial_shops,
          kennysheep_mini, shop, nicolae_shop_trees, nicolae_take_the_stairs

Skill      XL: |  1  2  3  4 |
---------------+-------------+-----
Dodging        | 2 |  2.1
Necromancy     | 5 |  5.5
Spellcasting   | 3 |  3.0
Axes           | |  0.1
Stealth        | |  1.9

Action                   |  1- 3 |  4- 6 || total
-------------------------+-------+-------++-------
Melee: War axe           |    13 |     9 ||    22
 Fire: Sling             |     1 |       ||     1
 Cast: Necrotise         |    84 |    25 ||   109
  Use: Scroll            |     5 |     2 ||     7
       Potion            |       |     2 ||     2
Armor: Robe              |     4 |     2 ||     6
Dodge: Dodged            |    25 |    17 ||    42

Table legend: (Time is in decaauts)
 A = Elapsed time spent in this place.
 B = Non-inter-level travel time spent in this place.
 C = Inter-level travel time spent in this place.
 D = Time resting spent in this place.
 E = Time spent auto-exploring this place.
 F = Levels seen in this place.
 G = Mean time per level.
                   A        B        C        D        E       F      G
               +--------+--------+--------+--------+--------+-----+--------+
         Total |   3562 |   3288 |    274 |      0 |   2904 |   4 |  890.5 |
       Dungeon |   3562 |   3288 |    274 |      0 |   2904 |   4 |  890.5 |
               +--------+--------+--------+--------+--------+-----+--------+

Top non-repeatable levels by time:
     D:1: 1405 daAuts
     D:2: 1189 daAuts
     D:3: 945 daAuts
     D:4: 21 daAuts
